 Dungeon Crawl Stone Soup version 0.17-a0-1701-gf693a3f (webtiles) character file.

5183 Gorice the Slicer (level 10, 0/82 HPs)
             Began as a Vampire Wanderer on Aug 21, 2015.
             Was a Believer of Makhleb.
             Slain by a seven-headed hydra (11 damage)
             ... on level 9 of the Dungeon.
             The game lasted 01:05:57 (11817 turns).

Gorice the Slicer (Vampire Wanderer)               Turns: 11817, Time: 01:05:57

Health: 0/82       AC:  9    Str: 13    XL:     10   Next: 34%
Magic:  3/3        EV: 18    Int: 19    God:    Makhleb [**....]
Gold:   385        SH:  0    Dex: 11    Spells: 0 memorised, 9 levels left

rFire  . . .     SeeInvis +     a - +5 short sword of Hell's Wrath {antimagic, rElec}
rCold  + + .     Clarity  +     s - +0 ring mail {rC+}
rNeg   + + .     SustAt   +     (no shield)
rPois  +         Gourm    .     (no helmet)
rElec  +         Spirit   .     O - +1 cloak
rCorr  .         Warding  .     (no gloves)
rMut   .         Stasis   .     e - +0 pair of boots
MR     +....                    t - amulet of clarity
Stlth  ++........               E - ring of sustain attributes
                                l - +4 ring of evasion

@: regenerating slowly, somewhat resistant to hostile enchantments, unstealthy
A: fangs 3, see invisible, unbreathing
a: Bat Form, Minor Destruction, Renounce Religion


You were on level 9 of the Dungeon.
You worshipped Makhleb.
Makhleb was pleased with you.
You were thirsty.

You visited 2 branches of the dungeon, and saw 10 of its levels.

You collected 385 gold pieces.

Inventory:

Hand weapons
 a - the +5 short sword of Hell's Wrath (weapon) {antimagic, rElec}
   (You found it on level 4 of the Dungeon)

   It disrupts the flow of magical energy around spellcasters and certain
   magical creatures (including the wielder).
   It insulates you from electricity.
 b - a +3 shortbow
 d - a +3 dagger of draining
   (You found it on level 6 of the Dungeon)
 B - a +0 blowgun
 P - a +0 scimitar
 R - a cursed +1 long sword
Missiles
 g - 7 needles of confusion
 k - 46 poisoned needles
 w - 72 arrows
 y - 8 tomahawks
 G - 5 arrows of frost
 T - 19 poisoned arrows
 Z - 186 stones (quivered)
Armour
 e - a +0 pair of boots (worn)
 s - a +0 ring mail of cold resistance (worn)
   (You found it on level 2 of the Dungeon)
 O - a +1 cloak (worn)
Rods
 I - a +0 iron rod (1/13) {!a}
   (You found it on level 8 of the Dungeon)
Jewellery
 l - a +4 ring of evasion (left hand)
 t - an amulet of clarity (around neck)
 E - a ring of sustain attributes (right hand)
Magical devices
 h - a wand of fire (0)
 Q - a wand of polymorph (16)
Scrolls
 m - 2 scrolls of noise {!r}
 u - 3 scrolls of remove curse
 A - a scroll of enchant weapon
 C - 3 scrolls of teleportation {!r}
 M - a scroll of enchant armour
 N - a scroll of blinking
 S - a scroll of fog
Potions
 c - a potion of lignification {!q}
 f - 10 potions of blood
 i - 3 potions of brilliance {!q}
 j - a potion of heal wounds {!q}
 n - 2 potions of flight {unknown}
 o - 2 potions of agility {!q}
 p - 3 potions of magic {!q}
 q - 2 potions of berserk rage
 r - 3 potions of poison {unknown}
 v - a potion of ambrosia {unknown}
 x - 8 potions of curing
 z - 2 potions of degeneration {unknown}
 F - a potion of cure mutation {unknown}
 H - 4 potions of cancellation {!q}
 K - a potion of haste {unknown}
 L - a potion of beneficial mutation {unknown}
Books
 D - an Akashic Record
 J - a book of Fire


   Skills:
 + Level 8.5 Fighting
 - Level 10.0 Short Blades
 - Level 2.4 Bows
 - Level 3.3 Armour
 * Level 8.3 Dodging
 - Level 3.7 Stealth
 - Level 1.0 Evocations


You had 9 spell levels left.
You didn't know any spells.

Dungeon Overview and Level Annotations

Branches:
Dungeon (9/15)             Temple (1/1) D:4
   Lair: D:8-11         Orc: D:9-12

Altars:
Ashenzari
Cheibriados
Dithmenos
Elyvilon
Fedhas
Gozag
Kikubaaqudgha
Makhleb
Nemelex Xobeh
Okawaru
Qazlal
Ru
Sif Muna
Trog
Vehumet
Xom
Yredelemnul
Zin
The Shining One

Shops:
D:7 [

Annotations:
D:2 vpUX: awake Siggers!, Sigmund
D:3 Kidiri's ghost, average DECj
D:5 Voda's ghost, experienced TeTm
D:7 Ajdolov's ghost, experienced GrBe


Innate Abilities, Weirdness & Mutations

You heal slowly.
You have razor-sharp teeth.
You have supernaturally acute eyesight.
You can survive without breathing.


Message History

The burst of metal fragments hits the seven-headed hydra. x2
The seven-headed hydra is moderately wounded.
The seven-headed hydra misses you. The seven-headed hydra bites you!
The seven-headed hydra bites you but does no damage. x2
The seven-headed hydra bites you.
The seven-headed hydra barely misses you.
The seven-headed hydra bites you.
Damage: 16 (max 16)
Aiming: Scattershot
Press: ? - help, Shift-Dir - straight line, f/p - seven-headed hydra
Aim: a seven-headed hydra (moderately wounded)
The burst of metal fragments hits the seven-headed hydra. x2
The seven-headed hydra is severely wounded.
You are feeling thirsty.
The seven-headed hydra bites you. The seven-headed hydra bites you!
The seven-headed hydra barely misses you.
The seven-headed hydra bites you. The seven-headed hydra misses you.
The seven-headed hydra bites you but does no damage.
The seven-headed hydra bites you.
Damage: 20 (max 20)
You feel magic leave you.
a - the +5 short sword of Hell's Wrath (weapon)
{antimagic, rElec} The seven-headed hydra bites you but does no damage. x2
The seven-headed hydra bites you. The seven-headed hydra bites you!
The seven-headed hydra closely misses you.
The seven-headed hydra barely misses you.
The seven-headed hydra misses you.
Damage: 13 (max 20)
You puncture the seven-headed hydra!
The seven-headed hydra is severely wounded.
Unknown command.
You hit the seven-headed hydra.
The seven-headed hydra is severely wounded.
The seven-headed hydra bites you!
The seven-headed hydra completely misses you.
The seven-headed hydra closely misses you.
The seven-headed hydra barely misses you.
The seven-headed hydra completely misses you.
The seven-headed hydra bites you.
* * * LOW HITPOINT WARNING * * *
The seven-headed hydra bites you!
* * * LOW HITPOINT WARNING * * *
You hit the seven-headed hydra.
The seven-headed hydra is severely wounded.
Damage: 21 (max 21) Unknown command.
The seven-headed hydra barely misses you.
The seven-headed hydra bites you but does no damage.
The seven-headed hydra bites you!
You die...

./ #.########........
... ..#
###...##..)..#..#...
.. #..#
#.........####..# ## #
..##........## #..#
............# #..#
###..#....<### #..#
##.#.......# #..#
#......D..####..### #
#
#####..@..........####
# #.
##........#.##....###
...
#...........#####....
....
#.###.#..#..#######..
..... ##.#
#.#..##....# #..#
......####..#
#.......##.###.##
.....OY(H..##
#...>...##.....##
.......#####
##.....##.......#
....... ##..##
#.......#


You could see a seven-headed hydra.

Vanquished Creatures
  Psyche (D:9)
  A two-headed ogre (D:9)
  A hippogriff (D:7)
  Grum (D:8)
  Menkaure (D:7)
  A water moccasin (D:8)
  4 wolves (D:8)
  Duvessa (D:7)
  2 ice beasts (D:8)
  An orc warrior (D:7)
  2 sky beasts
  2 black bears (D:8)
  4 phantoms
  An eye of draining (D:8)
  An ogre (D:7)
  3 centaurs (D:8)
  3 giant frogs
  A big kobold (D:7)
  Dowan (D:7)
  2 scorpions
  A gnoll sergeant (D:8)
  4 killer bees
  7 wights
  2 giant frog zombies
  3 crimson imps
  5 orc wizards
  Crazy Yiuf (D:7)
  2 orc priests
  6 hounds
  A jelly (D:7)
  6 iguanas
  8 worker ants
  A killer bee zombie (D:7)
  7 gnolls
  11 adders
  A shadow imp (D:8)
  An ooze (D:5)
  5 adder skeletons
  An adder zombie (D:5)
  2 worms
  6 giant geckos
  19 orcs
  13 bats
  7 hobgoblins
  12 kobolds
  A quokka (D:7)
  A ball python (D:1)
  8 giant cockroaches
  5 giant newts
  8 goblins
  A jackal skeleton (D:4)
  2 quokka skeletons
  11 rats
  A fungus (D:7)
204 creatures vanquished.

Vanquished Creatures (others)
  A wizard (D:5)
1 creature vanquished.

Grand Total: 205 creatures vanquished

Notes
Turn   | Place    | Note
--------------------------------------------------------------
     0 | D:1      | Gorice the Vampire Wanderer began the quest for the Orb.
     0 | D:1      | Gorice set off with: a +2 shortbow, 27 arrows, a potion of lignification {!q}, a potion of curing, a +0 robe, a potion of blood
     0 | D:1      | Reached XP level 1. HP: 16/16 MP: 1/1
    41 | D:1      | Reached skill level 2 in Stealth
   112 | D:1      | Reached skill level 2 in Fighting
   264 | D:1      | Reached XP level 2. HP: 22/22 MP: 2/2
   441 | D:1      | Reached skill level 2 in Bows
   774 | D:1      | Reached XP level 3. HP: 27/27 MP: 3/3
  1009 | D:2      | Reached skill level 3 in Stealth
  1201 | D:2      | Found a shimmering altar of Xom.
  1239 | D:2      | Noticed Sigmund
  1246 | D:2      | Found a snail-covered altar of Cheibriados.
  1443 | D:2      | Found a sparkling altar of Nemelex Xobeh.
  1535 | D:1      | Reached XP level 4. HP: 34/34 MP: 4/4
  2209 | D:3      | Noticed Kidiri's ghost (average DECj)
  2418 | D:2      | Reached skill level 1 in Short Blades
  2436 | D:2      | Reached skill level 3 in Fighting
  2556 | D:3      | Reached XP level 5. HP: 41/41 MP: 5/5
  2566 | D:3      | Reached skill level 2 in Short Blades
  2842 | D:3      | Found an iron altar of Okawaru.
  3250 | D:4      | Found a staircase to the Ecumenical Temple.
  3275 | Temple   | Entered the Ecumenical Temple
  3666 | D:4      | Reached skill level 3 in Short Blades
  3799 | D:4      | HP: 12/41 [poisoned by a worker ant]
  3859 | D:4      | HP: 9/41 [iguana (9)]
  3890 | D:4      | Got a twisted short sword
  3891 | D:4      | Identified the +5 short sword of Hell's Wrath {antimagic, rElec} (You found it on level 4 of the Dungeon)
  3909 | D:4      | Reached XP level 6. HP: 47/47 MP: 2/6
  4178 | D:4      | Reached skill level 4 in Short Blades
  4251 | D:4      | Noticed a phantom
  4281 | D:4      | Killed a phantom
  4378 | D:4      | Reached skill level 4 in Fighting
  4730 | D:5      | Entered Level 5 of the Dungeon
  4730 | D:5      | Noticed Voda's ghost (experienced TeTm)
  4819 | D:5      | Reached skill level 5 in Short Blades
  4999 | D:5      | Reached XP level 7. HP: 43/54 MP: 2/7
  5088 | D:5      | Found a bloodstained altar of Trog.
  5089 | D:5      | Noticed a wizard
  5094 | D:5      | Killed a wizard
  5484 | D:5      | Reached skill level 6 in Short Blades
  5895 | D:6      | Reached skill level 5 in Fighting
  5934 | D:5      | Reached skill level 7 in Short Blades
  6246 | D:5      | Reached XP level 8. HP: 55/62 MP: 2/8
  6339 | D:6      | Found a stormy altar of Qazlal.
  6724 | D:6      | Found a white marble altar of Elyvilon.
  7126 | D:7      | Reached skill level 8 in Short Blades
  7303 | D:7      | Noticed Ajdolov's ghost (experienced GrBe)
  7479 | D:7      | Found Loyhaad's Armour Boutique.
  7544 | D:7      | Noticed Duvessa
  7546 | D:7      | Noticed Dowan
  7563 | D:7      | Killed Duvessa
  7572 | D:7      | Killed Dowan
  7764 | D:7      | Reached skill level 6 in Fighting
  7805 | D:7      | Found a burning altar of Makhleb.
  7807 | D:7      | Noticed a green death
  7811 | D:7      | Noticed an orange demon
  7813 | D:7      | Became a worshipper of Makhleb the Destroyer
  7900 | D:7      | Noticed Crazy Yiuf
  7918 | D:7      | Killed Crazy Yiuf
  7918 | D:7      | Reached skill level 9 in Short Blades
  8028 | D:7      | Found a radiant altar of Vehumet.
  8064 | D:7      | Noticed Menkaure
  8071 | D:7      | Killed Menkaure
  8223 | D:7      | HP: 16/64 [orc warrior/scimitar (19)]
  8240 | D:7      | HP: 5/65 [orc warrior/scimitar (13)]
  8455 | D:7      | Reached XP level 9. HP: 60/71 MP: 3/9
  8780 | D:7      | Reached skill level 10 in Short Blades
  8892 | D:8      | Acquired Makhleb's first power
  8903 | D:8      | Reached skill level 1 in Dodging
  8967 | D:8      | Reached skill level 2 in Dodging
  8987 | D:8      | Noticed Grum
  9024 | D:8      | Reached skill level 7 in Fighting
  9024 | D:8      | Reached skill level 3 in Dodging
  9028 | D:8      | HP: 21/72 [wolf[Grum] (8)]
  9064 | D:8      | HP: 19/72 [Grum/spear (6)]
  9065 | D:8      | Reached skill level 4 in Dodging
  9066 | D:8      | HP: 1/72 [Grum/spear (10)]
  9070 | D:8      | Killed Grum
  9074 | D:8      | Reached skill level 5 in Dodging
  9397 | D:8      | Reached skill level 6 in Dodging
  9707 | D:8      | Acquired Makhleb's second power
  9791 | D:7      | HP: 22/74 [poisoned by a killer bee]
  9796 | D:7      | HP: 18/74 [poisoned by a killer bee]
  9801 | D:7      | HP: 13/74 [poisoned by a killer bee]
  9806 | D:7      | HP: 10/74 [poisoned by a killer bee]
  9811 | D:7      | HP: 8/74 [poisoned by a killer bee]
  9816 | D:7      | HP: 7/74 [poisoned by a killer bee]
  9823 | D:7      | HP: 7/74 [poisoned by a killer bee]
  9831 | D:7      | HP: 7/74 [poisoned by a killer bee]
 10261 | D:8      | Reached XP level 10. HP: 78/80 MP: 3/10
 10307 | D:8      | Reached skill level 8 in Fighting
 10503 | D:8      | Reached skill level 7 in Dodging
 11131 | D:9      | Noticed Psyche
 11158 | D:9      | HP: 24/80 [Psyche/puff of frost (2)]
 11160 | D:9      | Killed Psyche
 11163 | D:9      | HP: 17/80 [hippogriff (7)]
 11639 | D:9      | Reached skill level 8 in Dodging
 11797 | D:9      | Noticed a seven-headed hydra
 11815 | D:9      | HP: 22/82 [seven-headed hydra (3)]
 11817 | D:9      | Slain by a seven-headed hydra

Vault maps used:
D:1:      erik_arrival_cave_to_civilisation, minmay_misc_feat_ornament,
          grunt_decor_mini_mirrors
D:2:      lemuel_round_altar, nicolae_overflow_crystal_walls,
          nemelex_altar_shiori, uniq_sigmund
D:3:      okawaru_trees_1
D:4:      minmay_temple_entry_junction2, serial_co_window_serial,
          co_window_paths_a, co_window_corner_a, co_window_of_opportunity_a,
          co_window_paths_b, co_window_paths_a, co_window_of_opportunity_b,
          co_window_2corner, co_window_paths_c, co_window_broadway_b,
          co_window_broadway_a, co_window_paths_e, co_window_4corner_a,
          glass_columns_c, glass_columns_b, glass_columns_a, glass_columns_a,
          glass_columns_a, minmay_bad_closet, minmay_bisected
D:5:      first_bread, trog_wizard
D:6:      nicolae_qazlal_general_emergency, lemuel_round_altar
D:7:      makhleb_altar_promises_db, lemuel_crystal_altar, serial_shops,
          kennysheep_little_box, uniq_menkaure, uniq_crazy_yiuf_cottage,
          uniq_duvessa
D:8:      uniq_grum
D:9:      uniq_psyche
Temple:   minmay_temple_forest_path_12

Action                   |  1- 3 |  4- 6 |  7- 9 | 10-12 || total
-------------------------+-------+-------+-------+-------++-------
Melee: Short sword       |       |   219 |   441 |    92 ||   752
       Shortbow          |       |     1 |       |       ||     1
 Fire: Shortbow          |   113 |    42 |   124 |    18 ||   297
       Blowgun           |       |       |    17 |    19 ||    36
Throw: Stone             |       |     1 |       |       ||     1
Evoke: Wand              |       |       |     3 |       ||     3
       Rod               |       |       |       |     2 ||     2
  Use: Potion            |     5 |    12 |    17 |     5 ||    39
       Scroll            |     1 |     7 |    11 |     2 ||    21
 Stab: Sleeping          |       |     6 |     3 |     1 ||    10
       Distracted        |       |       |       |     1 ||     1

Table legend:
 A = Turns spent in this place as a percentage of turns spent in the entire game.
 B = Non-inter-level travel turns spent in this place as a percentage of non-inter-level travel turns spent in the entire game.
 C = Inter-level travel turns spent in this place as a percentage of turns spent in this place.
 D = Turns resting spent in this place as a percentage of non-inter-level travel turns spent in this place.
 E = Turns spent auto-exploring this place as a percentage of non-inter-level travel turns spent in this place.
 F = Non-inter-level travel turns spent in this place divided by the number of levels of this place that you've seen.
                   A       B       C       D       E      F
               +-------+-------+-------+-------+-------+----------------------
         Total | 100.0 | 100.0 |   0.4 |   1.6 |   5.0 | 444.7
       Dungeon |  99.6 |  99.7 |   0.4 |   1.6 |   4.7 | 492.4
        Temple |   0.4 |   0.3 |   6.2 |   0.0 |  86.7 |  15.0
               +-------+-------+-------+-------+-------+----------------------

Vault maps used:
D:1:      erik_arrival_cave_to_civilisation, minmay_misc_feat_ornament,
          grunt_decor_mini_mirrors
D:2:      lemuel_round_altar, nicolae_overflow_crystal_walls,
          nemelex_altar_shiori, uniq_sigmund
D:3:      okawaru_trees_1
D:4:      minmay_temple_entry_junction2, serial_co_window_serial,
          co_window_paths_a, co_window_corner_a, co_window_of_opportunity_a,
          co_window_paths_b, co_window_paths_a, co_window_of_opportunity_b,
          co_window_2corner, co_window_paths_c, co_window_broadway_b,
          co_window_broadway_a, co_window_paths_e, co_window_4corner_a,
          glass_columns_c, glass_columns_b, glass_columns_a, glass_columns_a,
          glass_columns_a, minmay_bad_closet, minmay_bisected
D:5:      first_bread, trog_wizard
D:6:      nicolae_qazlal_general_emergency, lemuel_round_altar
D:7:      makhleb_altar_promises_db, lemuel_crystal_altar, serial_shops,
          kennysheep_little_box, uniq_menkaure, uniq_crazy_yiuf_cottage,
          uniq_duvessa
D:8:      uniq_grum
D:9:      uniq_psyche
Temple:   minmay_temple_forest_path_12
